 Dungeon Crawl Stone Soup version 0.21.1-1-g345015f (webtiles) character file.

1788 inc the Cudgeler (level 9, 0/73 HPs)
             Began as a Gnoll Chaos Knight on Feb 23, 2018.
             Slain by an orc wizard
             ... wielding a cursed +0 dagger
              (2 damage)
             ... on level 8 of the Dungeon.
             The game lasted 00:13:30 (7172 turns).

inc the Cudgeler (Gnoll Chaos Knight)               Turns: 7172, Time: 00:13:31

Health: 0/73       AC:  6    Str: 15    XL:     9   Next: 8%
Magic:  14/14      EV: 17    Int: 17    God:    Xom [......]
Gold:   452        SH:  0    Dex: 15    Spells: 15/15 levels left

rFire    + . .     SeeInvis .   a - +0 mace (chaos)
rCold    + . .     Gourm    .   (no shield)
rNeg     . . .     Faith    .   b - +3 leather armour
rPois    .         Spirit   .   (helmet restricted)
rElec    .         Reflect  .   (no cloak)
rCorr    .         Harm     .   (no gloves)
MR       +....                  (no boots)
Stlth    ++........             (no amulet)
HPRegen  0.22/turn              B - ring of protection from magic
MPRegen  0.14/turn              u - +3 ring of evasion

@: no status effects
A: distributed training, fangs 1, horns 2, cold resistance 1, fire resistance 1,
strong nose
a: Renounce Religion


You were on level 8 of the Dungeon.
You worshipped Xom.
You were a very special plaything of Xom.
You were not hungry.

You visited 1 branch of the dungeon, and saw 8 of its levels.

You collected 452 gold pieces.

Inventory:

Hand Weapons
 a - a +0 mace of chaos (weapon)
Armour
 b - a +3 leather armour (worn)
 p - a +0 shield
Jewellery
 g - a cursed ring of loudness {unknown}
 k - an uncursed ring of flight
 u - a +3 ring of evasion (right hand)
 v - an uncursed amulet of inaccuracy
 y - the ring "Tonesexa" {rN+ Int+6 Slay-4 SInv}
   (You found it on level 4 of the Dungeon)

   [ring of positive energy]

   It affects your intelligence (+6).
   It affects your accuracy and damage with ranged weapons and melee attacks
   (-4).
   It protects you from negative energy.
   It lets you see invisible.
 B - a ring of protection from magic (left hand)
 F - an uncursed ring of stealth {unknown}
 I - a +2 ring of evasion
Wands
 C - a wand of random effects (21)
 E - a wand of scattershot (6)
Scrolls
 d - 2 scrolls of enchant armour
 e - a scroll of blinking {unknown}
 f - 3 scrolls of remove curse
 h - 3 scrolls of fog {unknown}
 m - a scroll of enchant weapon {unknown}
 q - 3 scrolls of amnesia {unknown}
 s - 3 scrolls of random uselessness {unknown}
 w - 2 scrolls of magic mapping {unknown}
 x - 2 scrolls of fear {unknown}
 D - a scroll of identify
Potions
 i - a potion of might {unknown}
 j - 2 potions of flight
 l - a potion of heal wounds {unknown}
 n - a potion of brilliance
 o - 3 potions of curing
 r - 2 potions of resistance
 t - 2 potions of lignification
 z - a potion of ambrosia
 G - a potion of degeneration {unknown}
 H - a potion of agility {unknown}
Books
 A - a book of Frost

   Spells                             Type                      Level
   a - Freeze                         Ice                          1
   b - Throw Frost                    Conjuration/Ice              2
   c - Ozocubu's Armour               Charms/Ice                   3
   d - Throw Icicle                   Conjuration/Ice              4
   e - Summon Ice Beast               Ice/Summoning                4
Comestibles
 c - 12 rations


   Skills:
 + Level 7.6 Fighting
 + Level 3.8 Short Blades
 + Level 3.8 Long Blades
 + Level 3.8 Axes
 + Level 7.6 Maces & Flails
 + Level 3.8 Polearms
 + Level 3.8 Staves
 + Level 3.8 Slings
 + Level 3.8 Bows
 + Level 3.8 Crossbows
 + Level 3.8 Throwing
 + Level 6.0 Armour
 + Level 4.6 Dodging
 + Level 3.8 Stealth
 + Level 3.8 Shields
 + Level 3.8 Unarmed Combat
 + Level 3.8 Spellcasting
 + Level 3.1 Conjurations
 + Level 3.1 Hexes
 + Level 3.1 Charms
 + Level 3.1 Summonings
 + Level 3.1 Necromancy
 + Level 3.1 Translocations
 + Level 3.1 Transmutations
 + Level 3.1 Fire Magic
 + Level 3.1 Ice Magic
 + Level 3.1 Air Magic
 + Level 3.1 Earth Magic
 + Level 3.1 Poison Magic
 + Level 4.2 Invocations
 + Level 3.8 Evocations


You had 15 spell levels left.
You didn't know any spells.

Dungeon Overview and Level Annotations

Branches:
Dungeon (8/15)             Temple (0/1) D:5
   Lair: D:8-11

Altars:
Gozag
Hepliaklqana
Makhleb
Nemelex Xobeh
Okawaru
Ru
Sif Muna
Uskayaw
Vehumet

Shops:
D:6 !

Annotations:
D:2 2 transporters
D:3 Natasha


Innate Abilities, Weirdness & Mutations

Your experience applies equally to all skills.
You have very sharp teeth.
Your uncanny sense of smell can sniff out nearby items.
You have a pair of horns on your head.
Your flesh is cold resistant. (rC+)
Your flesh is heat resistant. (rF+)


Message History

The orc wizard misses you.
The sky beast flickers out of sight!
Deactivating autopickup; reactivate with Ctrl-A.
Something hits you but does no damage.
The orc wizard hits you but does no damage.
The two-headed ogre closely misses you. The two-headed ogre barely misses you.
You hit the two-headed ogre. You headbutt the two-headed ogre.
The two-headed ogre is moderately wounded.
Something hits you but does no damage. The orc wizard completely misses you.
You hit the two-headed ogre.
Your headbutt misses the two-headed ogre.
You punch the two-headed ogre, but do no damage.
The two-headed ogre is moderately wounded.
The two-headed ogre hits you with a giant club!!
* * * LOW HITPOINT WARNING * * *
A shower of butterflies erupts from you!
The two-headed ogre hits you with a giant club!
* * * LOW HITPOINT WARNING * * *
Something hits you but does no damage. The orc wizard hits you with a dagger.
You die...
Xom chuckles heartily!

........ ∆ ∆
..).... . .....
∆ ∆ .. ...c ...
..# .... #.#
.....###b###
o........{@#
.........oO#
..........b#
#####..........
#......####
#.$....#
#......#
#......#
#......#


You could see a two-headed ogre and an orc wizard.

Vanquished Creatures
  2 orc warriors
  A phantom (D:7)
  A centaur (D:5)
  4 ogres
  A bullfrog (D:7)
  2 scorpions
  A crimson imp (D:5)
  2 bullfrog zombies
  A quasit (D:7)
  A jelly (D:6)
  An orc priest (D:7)
  4 orc wizards
  2 bullfrog skeletons
  2 centaur skeletons (D:5)
  2 hounds
  Jessica (D:2)
  4 iguanas
  Natasha (D:3)
  3 worker ants
  4 gnolls (D:2)
  7 adders
  An adder skeleton (D:7)
  5 worms
  3 dart slugs
  5 leopard geckos
  15 orcs
  8 bats
  7 giant cockroaches
  6 hobgoblins
  7 jackals
  9 kobolds
  2 ball pythons
  7 frilled lizards
  8 goblins
  A quokka zombie (D:5)
  8 rats
139 creatures vanquished.

Notes
Turn   | Place    | Note
-------+----------+-------------------------------------------
     0 | D:1      | inc the Gnoll Chaos Knight began the quest for the Orb.
     0 | D:1      | Reached XP level 1. HP: 23/23 MP: 1/1
   106 | D:1      | Reached XP level 2. HP: 25/29 MP: 2/2
   748 | D:1      | XOM: harmless Fire miscast
   798 | D:2      | XOM: potion effect (haste)
   813 | D:2      | Found a transporter.
   813 | D:2      | Found a transporter.
   859 | D:2      | Noticed Jessica
   868 | D:2      | Killed Jessica
   868 | D:2      | Reached skill level 1 in Invocations
   868 | D:2      | Reached XP level 3. HP: 22/35 MP: 2/4
  1006 | D:2      | Reached skill level 1 in Short Blades
  1006 | D:2      | Reached skill level 1 in Long Blades
  1006 | D:2      | Reached skill level 1 in Axes
  1006 | D:2      | Reached skill level 1 in Polearms
  1006 | D:2      | Reached skill level 1 in Staves
  1006 | D:2      | Reached skill level 1 in Slings
  1006 | D:2      | Reached skill level 1 in Bows
  1006 | D:2      | Reached skill level 1 in Crossbows
  1006 | D:2      | Reached skill level 1 in Throwing
  1006 | D:2      | Reached skill level 1 in Stealth
  1006 | D:2      | Reached skill level 1 in Shields
  1006 | D:2      | Reached skill level 1 in Unarmed Combat
  1006 | D:2      | Reached skill level 1 in Spellcasting
  1006 | D:2      | Reached skill level 1 in Evocations
  1006 | D:2      | Reached XP level 4. HP: 37/41 MP: 5/5
  1069 | D:2      | XOM: harmless Fire miscast
  1099 | D:2      | XOM: chaos upgrade
  1107 | D:2      | Reached skill level 1 in Conjurations
  1107 | D:2      | Reached skill level 1 in Hexes
  1107 | D:2      | Reached skill level 1 in Charms
  1107 | D:2      | Reached skill level 1 in Summonings
  1107 | D:2      | Reached skill level 1 in Necromancy
  1107 | D:2      | Reached skill level 1 in Translocations
  1107 | D:2      | Reached skill level 1 in Transmutations
  1107 | D:2      | Reached skill level 1 in Fire Magic
  1107 | D:2      | Reached skill level 1 in Ice Magic
  1107 | D:2      | Reached skill level 1 in Air Magic
  1107 | D:2      | Reached skill level 1 in Earth Magic
  1107 | D:2      | Reached skill level 1 in Poison Magic
  1210 | D:2      | XOM: give mutations
  1210 | D:2      | Gained mutation: You are dopey. (Int -2) [Xom's mischief]
  1210 | D:2      | Gained mutation: You evolve. [Xom's mischief]
  1401 | D:2      | Found a sacrificial altar of Ru.
  1413 | D:2      | Reached XP level 5. HP: 33/47 MP: 5/7
  1434 | D:2      | XOM: medium Fire miscast
  1557 | D:2      | XOM: 3-stop teleportation journey
  1698 | D:2      | XOM: mild Fire miscast
  1786 | D:2      | Gained mutation: You have a pair of small horns on your head. [evolution]
  1984 | D:2      | Found an iron altar of Okawaru.
  1986 | D:2      | Found a burning altar of Makhleb.
  2287 | D:3      | Noticed Natasha
  2293 | D:3      | Killed Natasha
  2671 | D:3      | Found a deep blue altar of Sif Muna.
  2674 | D:3      | Found a radiant altar of Vehumet.
  2674 | D:3      | XOM: summons 1 hostile shadow creature
  2679 | D:3      | Found a hazy altar of Hepliaklqana.
  2704 | D:3      | Reached XP level 6. HP: 53/53 MP: 8/8
  2797 | D:3      | Noticed Natasha
  2931 | D:3      | XOM: severe Fire miscast
  3329 | D:4      | XOM: 2-stop teleportation journey
  3330 | D:4      | XOM: enchant monster (bad)
  3332 | D:4      | XOM: noise
  3357 | D:4      | Reached skill level 5 in Armour
  3429 | D:4      | XOM: silly message
  3470 | D:4      | Reached XP level 7. HP: 45/59 MP: 10/10
  3564 | D:4      | XOM: harmless Conj miscast
  3723 | D:4      | Got a steaming brass ring
  3821 | D:4      | Gained mutation: Your flesh is heat resistant. (rF+) [evolution]
  3891 | D:4      | Found a hide-covered altar of Uskayaw.
  4057 | D:4      | Found an opulent altar of Gozag.
  4057 | D:4      | Found a sparkling altar of Nemelex Xobeh.
  4133 | D:5      | Entered Level 5 of the Dungeon
  4145 | D:5      | Found an opulent altar of Gozag.
  4269 | D:5      | XOM: medium Fire miscast
  4464 | D:5      | XOM: give mutations
  4464 | D:5      | Gained mutation: You are frail. (-10% HP) [Xom's mischief]
  4464 | D:5      | Lost mutation: You are dopey. (Int -2) [Xom's mischief]
  4500 | D:5      | XOM: give mutation
  4500 | D:5      | Lost mutation: You are frail. (-10% HP) [Xom's mischief]
  4709 | D:5      | Identified the ring "Tonesexa" {rN+ Int+6 Slay-4 SInv} (You found it on level 4 of the Dungeon)
  4733 | D:5      | Reached XP level 8. HP: 30/67 MP: 12/12
  5004 | D:5      | Found a staircase to the Ecumenical Temple.
  5026 | D:5      | XOM: 2-stop teleportation journey
  5066 | D:5      | XOM: harmless Chrm miscast
  5299 | D:5      | XOM: harmless Air miscast
  5522 | D:6      | Found Pekytaj's Distillery.
  5534 | D:6      | XOM: confuse monster(s)
  5560 | D:6      | XOM: severe Summ miscast
  5561 | D:6      | Noticed a shadow demon
  5591 | D:7      | XOM: noise
  5603 | D:7      | XOM: harmless Air miscast
  5732 | D:7      | Gained mutation: You have a pair of horns on your head. [evolution]
  5732 | D:7      | Lost mutation: You evolve. [end of evolution]
  5923 | D:7      | XOM: noise
  5953 | D:7      | XOM: give mutations
  5953 | D:7      | Gained mutation: Scrolls take you a little longer to read. [Xom's mischief]
  5953 | D:7      | Lost mutation: Scrolls take you a little longer to read. [Xom's mischief]
  5953 | D:7      | Gained mutation: Your flesh is cold resistant. (rC+) [Xom's mischief]
  6035 | D:7      | XOM: 2-stop teleportation journey
  6045 | D:7      | XOM: smoke on damage
  6050 | D:7      | XOM: noise
  6089 | D:7      | XOM: mild Erth miscast
  6095 | D:7      | XOM: smoke on damage
  6251 | D:7      | XOM: harmless Fire miscast
  6754 | D:7      | XOM: harmless Necr miscast
  6768 | D:7      | Reached XP level 9. HP: 23/72 MP: 14/14
  6778 | D:7      | XOM: swap monsters
  6847 | D:6      | Noticed a sun demon
  6847 | D:6      | XOM: harmless Chrm miscast
  7157 | D:8      | Noticed a two-headed ogre
  7172 | D:8      | XOM: butterfly on damage
  7172 | D:8      | HP: 2/73 [two-headed ogre/giant club (7)]
  7172 | D:8      | Slain by an orc wizard

Skill      XL: |  1  2  3  4  5  6  7  8 |
---------------+-------------------------+-----
Invocations    | 1 2 3 4 |  4.2
Short Blades   | 1 2 3 |  3.8
Long Blades    | 1 2 3 |  3.8
Axes           | 1 2 3 |  3.8
Polearms       | 1 2 3 |  3.8
Staves         | 1 2 3 |  3.8
Slings         | 1 2 3 |  3.8
Bows           | 1 2 3 |  3.8
Crossbows      | 1 2 3 |  3.8
Throwing       | 1 2 3 |  3.8
Stealth        | 1 2 3 |  3.8
Shields        | 1 2 3 |  3.8
Unarmed Combat | 1 2 3 |  3.8
Spellcasting   | 1 2 3 |  3.8
Evocations     | 1 2 3 |  3.8
Conjurations   | 1 2 3 |  3.1
Hexes          | 1 2 3 |  3.1
Charms         | 1 2 3 |  3.1
Summonings     | 1 2 3 |  3.1
Necromancy     | 1 2 3 |  3.1
Translocations | 1 2 3 |  3.1
Transmutations | 1 2 3 |  3.1
Fire Magic     | 1 2 3 |  3.1
Ice Magic      | 1 2 3 |  3.1
Air Magic      | 1 2 3 |  3.1
Earth Magic    | 1 2 3 |  3.1
Poison Magic   | 1 2 3 |  3.1
Dodging        | 3 4 |  4.6
Armour         | 5 6 |  6.0
Fighting       | 7 |  7.6
Maces & Flails | 7 |  7.6

Action                   |  1- 3 |  4- 6 |  7- 9 || total
-------------------------+-------+-------+-------++-------
Melee: Mace              |    51 |   166 |   272 ||   489
       Bite              |     4 |    13 |    30 ||    47
       Headbutt          |       |    26 |    58 ||    84
       Punch             |       |       |     2 ||     2
  Use: Scroll            |       |       |     8 ||     8
 Stab: Confused          |     1 |       |     2 ||     3
       Sleeping          |     1 |     6 |     5 ||    12
       Petrified         |       |     2 |     2 ||     4
       Petrifying        |       |     1 |     2 ||     3
       Paralysed         |       |       |     3 ||     3
  Eat: Chunk             |       |     7 |    11 ||    18
       Ration            |       |       |     1 ||     1
Armor: Leather armour    |    20 |    37 |    51 ||   108
Dodge: Dodged            |    38 |    94 |   210 ||   342
